Map: Disco Bloodbath LE

Players

BadPro

  • Race: Zerg Zerg
  • League: Platinum
  • Spawn Location: 3:00

Samwise - Winner!

  • Race: Protoss Protoss
  • League: Platinum
  • Spawn Location: 9:00

VOD

Have the link to the VOD?

Description

Time

  • Played on: Sept. 2, 2019, 10 a.m.
  • Length: 7:09
Show
View Real Time Build Order
Export as new Build Order

BadPro Zerg 

Build Orders: Pool First 

Get SALT Encoding   

  12  0:01  Drone  
  13  0:15  Overlord  
  13  0:21  Drone  
  14  0:24  Drone, Extractor  
  15  0:33  Drone  
  16  0:37  Drone  
  17  0:48  Drone  
  18  0:50  Spawning Pool  
  17  0:58  Drone  
  18  1:09  Drone  
  19  1:33  Overlord  
  19  1:36  Extractor  
  19  1:38  Hatchery  
  17  1:42  Spine Crawler  
  17  1:44  Spine Crawler  
  17  1:45  Zergling x2  
  17  1:46  Zergling x2  
  17  2:02  Zergling x2  
  18  2:40  Zergling x4  
  18  2:41  Zergling x2  
  19  2:51  Queen  
  21  2:52  Zergling x2  
  22  3:00  Roach Warren  
  20  3:21  Drone x2, Extractor  
  21  3:30  Queen  
  23  3:35  Drone x2  
  25  3:53  Zergling x2  
  26  3:58  Zergling x2  
  26  4:01  Zergling x4  
  29  4:02  Overlord  
  29  4:15  Overlord  
  29  4:37  Roach x2  
  33  4:41  Queen  
  35  4:47  Roach  
  36  5:09  Roach x2  
  40  5:17  Roach  
  42  5:22  Lair  
  42  5:34  Drone  
  42  5:35  Extractor, Drone x2  
Show
View Real Time Build Order
Export as new Build Order

Samwise Protoss - Winner!

Build Orders:  

Get SALT Encoding   

  12  0:01  Probe  
  13  0:13  Probe  
  14  0:19  Pylon  
  14  0:25  Probe  
  15  0:37  Probe  
  16  0:43  Pylon  
  16  0:49  Assimilator  
  17  0:50  Probe  
  17  1:01  Gateway  
  17  1:02  Probe  
  18  1:11  Gateway  
  18  1:17  Probe  
  19  1:29  Probe  
  20  1:41  Zealot  
  20  1:48  Cybernetics Core  
  20  1:49  Zealot  
  24  2:06  Zealot  
  26  2:26  Pylon  
  26  2:37  Pylon  
  26  2:43  Stalker x2  
  28  2:47  Shield Battery  
  28  2:49  Shield Battery  
  28  2:52  Robotics Facility  
  28  3:13  Stalker  
  28  3:16  Stalker  
  32  3:39  Immortal  
  36  3:57  Probe  
  37  4:09  Nexus  
  37  4:14  Warp Prism  
  39  4:17  Zealot  
  39  4:24  Shield Battery  
  41  4:39  Immortal  
  45  5:13  Probe  
  46  5:17  Immortal  
  46  5:21  Pylon  
  50  5:25  Pylon, Probe x2  
  52  5:33  Probe  
  52  5:37  Probe  
  52  5:41  Probe  
  54  5:49  Probe  
  54  6:06  Immortal  
  54  6:07  Stalker  
Tags
 
Add a new tag
Caveats
  • Supply blocks, unpowered buildings, or Contaminate may cause inaccurate times.
  • Supply counts are checked every 10 seconds.